 Dungeon Crawl Stone Soup version 0.22-a0-425-g89d60a1 (webtiles) character file.

438 tself55 the Skirmisher (level 7, 0/74 HPs)
             Began as an Ogre Hunter on May 24, 2018.
             Slain by a river rat (3 damage)
             ... summoned by Eustachio
             ... on level 4 of the Dungeon.
             The game lasted 00:07:52 (4009 turns).

tself55 the Skirmisher (Ogre Hunter)                Turns: 4009, Time: 00:07:52

Health: 0/74       AC:  3    Str: 19    XL:     7   Next: 1%
Magic:  7/7        EV: 10    Int: 12    God:
Gold:   221        SH:  0    Dex:  9    Spells: 6/6 levels left

rFire    . . .     SeeInvis +   e - +0 giant club
rCold    . . .     Gourm    .   (shield currently unavailable)
rNeg     . . .     Faith    .   b - +0 robe
rPois    .         Spirit   .   (helmet restricted)
rElec    .         Reflect  .   (no cloak)
rCorr    .         Harm     .   (gloves unavailable)
MR       .....                  (boots unavailable)
Stlth    +.........             (no amulet)
HPRegen  0.22/turn              (no ring)
MPRegen  0.10/turn              u - ring of see invisible

@: no status effects
A: large, unfitting armour, tough skin 1
a: no special abilities


You were on level 4 of the Dungeon.
You were hungry.

You visited 1 branch of the dungeon, and saw 4 of its levels.

You collected 221 gold pieces.

Inventory:

Hand Weapons
 a - a +1 mace
 e - a +0 giant club (weapon)
Missiles
 c - 3 large rocks (quivered)
 d - 2 throwing nets
 p - 7 javelins
Armour
 b - a +0 robe (worn)
Jewellery
 l - an uncursed ring of ice
 u - a ring of see invisible (right hand)
Scrolls
 g - 2 scrolls of fear
 m - a scroll of immolation {unknown}
 n - a scroll of teleportation
 q - a scroll of remove curse
Potions
 h - a potion of curing
 i - 2 potions of heal wounds {unknown}
 k - a potion of degeneration {unknown}
 s - a potion of cancellation {unknown}
 v - a potion of invisibility {unknown}
 z - a potion of brilliance {unknown}
Comestibles
 f - 3 rations


   Skills:
 + Level 5.9 Fighting
 * Level 3.8 Maces & Flails
 + Level 5.3 Throwing
 - Level 1.7 Dodging
 - Level 0.6 Stealth


You had 6 spell levels left.
You didn't know any spells.
Your spell library was empty.

Dungeon Overview and Level Annotations

Branches:
Dungeon (4/15)
 Temple: D:4-7

Altars:
Zin

Annotations:
D:4 Eustachio


Innate Abilities, Weirdness & Mutations

You are too large for most types of armour.
You have tough skin. (AC +1)


Message History

The river rat closely misses you.
You closely miss the river rat. The river rat bites you!
The river rat bites you. The river rat closely misses you. x2
You closely miss the river rat. The river rat misses you.
The river rat bites you!
Eustachio casts a spell.
Eustachio blinks!
You closely miss the river rat. The river rat bites you!
* * * LOW HITPOINT WARNING * * *
The river rat bites you!
* * * LOW HITPOINT WARNING * * *
The river rat bites you but does no damage.
You closely miss the river rat. The river rat barely misses you.
Eustachio mumbles some strange words.
The river rat bites you.
* * * LOW HITPOINT WARNING * * *
The river rat twitches its whiskers.
The river rat closely misses you.
You closely miss the river rat. The river rat bites you.
You die...

# # # # # # #
####### #
#.##.....##########
#
.....5..br@r.....#
#####
##....@########.#
#.... #.####.....#
#.# #....
#..........# #.#
#.... #...#......##
#.# #.[..
...........# #..
#.... ##.#.......#
### #....
..........#
########## #....
##.#......#
#........# .....


You could see Eustachio, a quasit, 2 river rats and a bat.

Vanquished Creatures
  An ogre (D:4)
  A crimson imp (D:3)
  2 orc wizards (D:4)
  2 worker ants (D:4)
  7 adders
  4 gnolls (D:3)
  An ooze (D:2)
  An adder zombie (D:4)
  2 worms
  A dart slug (D:1)
  3 leopard geckos
  3 orcs
  9 giant cockroaches
  9 goblins
  9 hobgoblins
  17 jackals
  6 kobolds
  6 bats
  6 frilled lizards
  10 rats
100 creatures vanquished.

Notes
Turn   | Place    | Note
-------+----------+-------------------------------------------
     0 | D:1      | tself55 the Ogre Hunter began the quest for the Orb.
     0 | D:1      | Reached XP level 1. HP: 22/22 MP: 1/1
    92 | D:1      | Reached XP level 2. HP: 27/31 MP: 2/2
   297 | D:1      | Reached XP level 3. HP: 39/39 MP: 3/3
  1071 | D:2      | Reached XP level 4. HP: 44/49 MP: 4/4
  1090 | D:2      | Found a glowing silver altar of Zin.
  1091 | D:2      | Noticed an angel
  1168 | D:2      | Reached skill level 1 in Maces & Flails
  1999 | D:3      | Reached XP level 5. HP: 47/55 MP: 5/5
  2021 | D:3      | Reached skill level 5 in Fighting
  2475 | D:3      | Reached skill level 5 in Throwing
  2920 | D:3      | Reached XP level 6. HP: 66/66 MP: 6/6
  3729 | D:4      | Reached XP level 7. HP: 33/74 MP: 7/7
  3986 | D:4      | Noticed Eustachio
  4008 | D:4      | HP: 3/74 [river rat[Eustachio] (4)]
  4009 | D:4      | Slain by a river rat

Vault maps used:
D:1:      nzn_arrival_crosshair, minmay_misc_feat_columns,
          serial_park_tiny_pond, serial_bayou_pond_e, serial_park_tiny_pond
D:2:      zin_angel, first_ration
D:3:      kennysheep_six_static_rooms
D:4:      uniq_eustachio

Skill      XL: |  1  2  3  4  5  6 |
---------------+-------------------+-----
Fighting       | 3 4 5 |  5.9
Maces & Flails | 1 2 3 |  3.8
Throwing       | 5 |  5.3
Dodging        | |  1.7
Stealth        | |  0.6

Action                   |  1- 3 |  4- 6 |  7- 9 || total
-------------------------+-------+-------+-------++-------
Melee: Short sword       |    81 |       |       ||    81
       Club              |    65 |     5 |       ||    70
       Mace              |       |   114 |       ||   114
       Giant club        |       |    47 |    16 ||    63
Throw: Large rock        |    30 |    26 |       ||    56
       Javelin           |       |    26 |       ||    26
  Use: Scroll            |       |     9 |       ||     9
       Potion            |       |     1 |       ||     1
 Stab: Sleeping          |     2 |       |       ||     2
  Eat: Chunk             |     1 |     8 |     1 ||    10
Armor: Robe              |    73 |    56 |     3 ||   132
Dodge: Dodged            |   103 |   152 |    20 ||   275

Table legend:
 A = Spawn XP
 B = Non-spawn XP
 C = Spawn XP percentage of total XP
 D = Spawn monster count
 E = Non-spawn monster count
 F = Spawn count percentage of total count
 G = Total turns spent on level
                    A         B        C        D         E        F      G
               +---------+---------+-------+---------+---------+-------+---------
         Total |       0 |     627 |   0.0 |       0 |     100 |   0.0 |  4009
               +---------+---------+-------+---------+---------+-------+---------
           D:1 |       0 |      56 |   0.0 |       0 |      34 |   0.0 |   837
           D:2 |       0 |      36 |   0.0 |       0 |      17 |   0.0 |   572
           D:3 |       0 |     232 |   0.0 |       0 |      35 |   0.0 |  1811
           D:4 |       0 |     303 |   0.0 |       0 |      14 |   0.0 |   789
               +---------+---------+-------+---------+---------+-------+---------
